[Event "Czech open A"]
[Site "?"]
[Date "2013.07.24"]
[Round "6.69"]
[White "Cantoro, Daniele"]
[Black "Tomazini, Zan"]
[Result "1/2-1/2"]
[ECO "B06"]
[WhiteElo "2108"]
[BlackElo "2344"]
[PlyCount "152"]
[EventDate "2013.??.??"]
[TimeControl "6000+1060"]
[WhiteClock "0:02:39"]
[BlackClock "0:02:23"]

1. e4 g6 2. d4 Bg7 3. Nf3 d6 4. Nc3 a6 5. a4 b6 6. Bc4 e6 7. O-O Ne7 8. Be3 h6
9. Qd2 Nd7 10. Rad1 Bb7 11. d5 e5 12. Nh4 g5 13. Nf5 Nxf5 14. exf5 Nf6 15. Qd3
Bc8 16. Ne4 Nh5 17. Ng3 Nf4 18. Qe4 Kf8 19. Bxf4 gxf4 20. Ne2 Qg5 21. Bd3 h5
22. f3 h4 23. Kf2 Rh5 24. Qc4 Ra7 25. a5 b5 26. Qc6 Qd8 27. Be4 Bd7 28. Qc3
Bxf5 29. Bxf5 Rxf5 30. Qb4 h3 31. g3 Bh6 32. Nc3 fxg3+ 33. hxg3 Qg5 34. Rd3 Ra8
35. Rh1 Rf4 36. Ne4 Qg4 37. Ke2 Qxg3 38. Nxg3 Rxb4 39. Rxh3 Bg7 40. b3 Rc8 41.
Ne4 Rd4 42. Rxd4 exd4 43. f4 c6 44. dxc6 Rxc6 45. Kd1 d5 46. Nf2 Rh6 47. Rxh6
Bxh6 48. Nd3 Ke7 49. Nb4 Kd7 50. Nxd5 Bf8 51. Ke2 Kc6 52. Nf6 Bb4 53. Kd3 Bxa5
54. Kxd4 Bb6+ 55. Ke4 a5 56. Nd5 Bf2 57. Nc3 Be1 58. Na2 Bd2 59. f5 f6 60. Kd3
Be1 61. Ke2 Bg3 62. Kd3 Be5 63. c4 bxc4+ 64. Kxc4 Bb2 65. b4 a4 66. b5+ Kd6 67.
Nb4 a3 68. b6 Bc1 69. Kb3 Kd7 70. Nd5 Kc6 71. Nxf6 Kxb6 72. Ne4 Kc6 73. f6 Kd7
74. Nc3 Ke6 75. Nb1 Kxf6 76. Nxa3 Ke5 1/2-1/2

[Event "Czech open A"]
[Site "?"]
[Date "2013.07.24"]
[Round "6.70"]
[White "Frischmann, Rick"]
[Black "Seger, Ruediger"]
[Result "0-1"]
[ECO "D71"]
[WhiteElo "2234"]
[BlackElo "2393"]
[PlyCount "100"]
[EventDate "2013.??.??"]
[TimeControl "6000+1965"]
[WhiteClock "0:19:55"]
[BlackClock "0:17:09"]

1. d4 Nf6 2. c4 g6 3. g3 c6 4. Bg2 d5 5. cxd5 cxd5 6. Nc3 Bg7 7. Nf3 Ne4 8.
Nxe4 dxe4 9. Ng5 Qxd4 10. Qb3 O-O 11. O-O Nc6 12. Nxe4 Rb8 13. Rd1 Be6 14. Rxd4
Bxb3 15. Rd2 Bc4 16. Nc5 Rfd8 17. Nxb7 Rxd2 18. Bxd2 Rxb7 19. Bxc6 Rxb2 20. Be3
a6 21. Rc1 Bxe2 22. Bd5 Rb8 23. Bc4 Bb2 24. Rc2 Bxc4 25. Rxc4 Rd8 26. a4 f6 27.
a5 Kf7 28. Bb6 Ra8 29. Kf1 Be5 30. Ke2 Ke6 31. Kd3 Kd7 32. Rh4 h5 33. f4 Bc7
34. Bxc7 Kxc7 35. f5 gxf5 36. Rxh5 e6 37. Rh7+ Kd6 38. Kc4 Rc8+ 39. Kb4 Rb8+
40. Ka4 Rc8 41. Rf7 Rc2 42. Ra7 Rc6 43. h4 e5 44. h5 f4 45. gxf4 exf4 46. h6 f3
47. h7 Rc4+ 48. Kb3 Rh4 49. Rxa6+ Ke5 50. Rc6 Rxh7 0-1

[Event "Czech open A"]
[Site "?"]
[Date "2013.07.24"]
[Round "6.71"]
[White "Peterson, Eric"]
[Black "Kourousis, Epaminondas"]
[Result "1/2-1/2"]
[ECO "B14"]
[WhiteElo "2239"]
[BlackElo "2391"]
[PlyCount "112"]
[EventDate "2013.??.??"]
[TimeControl "6000+1260"]
[WhiteClock "0:09:04"]
[BlackClock "0:11:08"]

1. e4 c6 2. d4 d5 3. exd5 cxd5 4. c4 Nf6 5. Nc3 g6 6. Qb3 Bg7 7. cxd5 O-O 8.
Be2 Qb6 9. Qxb6 axb6 10. Bf4 Na6 11. d6 exd6 12. Nf3 d5 13. O-O Be6 14. a3 Ne4
15. Na4 g5 16. Be3 b5 17. Nb6 Rad8 18. Bxb5 Rd6 19. Na4 Nc7 20. Bd3 g4 21. Nd2
Nxd2 22. Bxd2 Ra8 23. Bf4 Rc6 24. Bxc7 Rxc7 25. Nc3 Rc6 26. Bb5 Rb6 27. Rfd1
Rc8 28. a4 Bf8 29. a5 Rd6 30. Bd3 Rdd8 31. Ra4 Bd7 32. Raa1 Be6 33. Kf1 Bb4 34.
Rdc1 Ra8 35. Ra4 Bd6 36. g3 Rdc8 37. Bb5 Kg7 38. Re1 Ra7 39. Rea1 h5 40. Be2
Raa8 41. Bb5 Rh8 42. a6 bxa6 43. Rxa6 Rxa6 44. Rxa6 Be7 45. Bc6 Rd8 46. Ra4 Bf6
47. Ne2 Rc8 48. Ra6 Rb8 49. Ra4 Rxb2 50. Nf4 Bg5 51. Bxd5 Bxf4 52. Bxe6 Bxg3
53. hxg3 fxe6 54. Ra5 Rd2 55. Rxh5 Rxd4 56. Rh4 e5 1/2-1/2

[Event "Czech open A"]
[Site "?"]
[Date "2013.07.24"]
[Round "6.72"]
[White "Repkova, Eva"]
[Black "Wagener, Claude"]
[Result "1/2-1/2"]
[ECO "B20"]
[WhiteElo "2374"]
[BlackElo "2240"]
[PlyCount "55"]
[EventDate "2013.??.??"]
[TimeControl "6000+810"]
[WhiteClock "0:14:36"]
[BlackClock "0:40:37"]

1. e4 c5 2. b3 d6 3. Bb2 Nf6 4. Nc3 g6 5. g3 Bg7 6. Bg2 O-O 7. Nge2 Nc6 8. O-O
Ne8 9. d3 f5 10. Nf4 Nf6 11. Ncd5 e5 12. Nxf6+ Bxf6 13. Nd5 Bg7 14. f4 Nd4 15.
Kh1 Be6 16. c3 Nc6 17. Qd2 Qd7 18. Rae1 Rae8 19. fxe5 dxe5 20. Ba3 b6 21. Kg1
Kh8 22. Re2 Rf7 23. Ref2 Ref8 24. Bc1 Ne7 25. c4 Nc6 26. Qg5 Nd4 27. Qh4 fxe4
28. dxe4 1/2-1/2

[Event "Czech open A"]
[Site "?"]
[Date "2013.07.24"]
[Round "6.73"]
[White "Migot, Tangi"]
[Black "Grigoriev, Evgeny"]
[Result "1/2-1/2"]
[ECO "B06"]
[WhiteElo "2331"]
[BlackElo "2235"]
[PlyCount "57"]
[EventDate "2013.??.??"]
[TimeControl "6000+810"]
[WhiteClock "0:12:25"]
[BlackClock "0:34:19"]

1. e4 g6 2. d4 Bg7 3. Nc3 d6 4. Be3 c6 5. h3 Nf6 6. Nf3 b5 7. e5 dxe5 8. dxe5
Qxd1+ 9. Rxd1 Nfd7 10. e6 fxe6 11. Nd4 Nf6 12. Bg5 e5 13. Nb3 Bf5 14. Rc1 Nbd7
15. g4 Be6 16. Bg2 Bd5 17. Nxd5 cxd5 18. Bxf6 exf6 19. Bxd5 Rc8 20. c3 Nc5 21.
Nxc5 Rxc5 22. Bb3 Ke7 23. Ke2 Rd8 24. Rcd1 Rcc8 25. h4 f5 26. h5 Rxd1 27. Bxd1
Kf6 28. Bb3 Rd8 29. hxg6 1/2-1/2

[Event "Czech open A"]
[Site "?"]
[Date "2013.07.24"]
[Round "6.74"]
[White "Kholopov, Alexander A"]
[Black "Gergel, Vladimir"]
[Result "0-1"]
[ECO "E38"]
[WhiteElo "2310"]
[BlackElo "2229"]
[PlyCount "124"]
[EventDate "2013.??.??"]
[TimeControl "6000+2260"]
[WhiteClock "0:00:39"]
[BlackClock "0:26:38"]

1. d4 Nf6 2. c4 e6 3. Nc3 Bb4 4. Qc2 c5 5. dxc5 Bxc5 6. Nf3 O-O 7. Bg5 h6 8.
Bh4 Nc6 9. e3 b6 10. Be2 Bb7 11. O-O Nb4 12. Qd2 a5 13. Rfd1 g5 14. Bg3 d5 15.
a3 Ne4 16. Nxe4 dxe4 17. axb4 exf3 18. bxc5 Qxd2 19. Rxd2 fxe2 20. cxb6 Rfd8
21. Rxe2 Rd3 22. Bc7 Kf8 23. h3 Ke7 24. Ra3 Rd1+ 25. Kh2 f5 26. f3 h5 27. Rc2
Kd7 28. Rcc3 Rb1 29. Rd3+ Ke7 30. Be5 g4 31. fxg4 hxg4 32. h4 g3+ 33. Bxg3 Rxb2
34. c5 Rxg2+ 35. Kh3 Rg8 36. Bf4 R8g4 37. Rd1 Rc2 38. Bg5+ Ke8 39. Rd8+ Kf7 40.
Rd7+ Kg6 41. Rxb7 Rg1 42. Re7 e5 43. Re6+ Kg7 44. e4 Rh1+ 45. Kg3 Rg1+ 46. Kf3
f4 47. Bxf4 Rf1+ 48. Ke3 exf4+ 49. Kd4 f3 50. Re5 f2 51. Rg3+ Kh6 52. Re6+ Kh5
53. Rf6 Rd1+ 54. Rd3 f1=Q 55. Rxf1 Rxf1 56. Rb3 Rd1+ 57. Ke3 Rd8 58. b7 Rb8 59.
Rb5 a4 60. Kd4 a3 61. c6+ Kxh4 62. Rc5 a2 0-1

[Event "Czech open A"]
[Site "?"]
[Date "2013.07.24"]
[Round "6.75"]
[White "Tomazini, Aljosa"]
[Black "Jeitz, Christian"]
[Result "1/2-1/2"]
[ECO "D85"]
[WhiteElo "2306"]
[BlackElo "2222"]
[PlyCount "94"]
[EventDate "2013.??.??"]
[TimeControl "6000+1490"]
[WhiteClock "0:22:33"]
[BlackClock "0:05:46"]

1. d4 Nf6 2. Nf3 g6 3. c4 Bg7 4. Nc3 d5 5. cxd5 Nxd5 6. e4 Nxc3 7. bxc3 c5 8.
Be3 Qa5 9. Qd2 Nc6 10. Rc1 cxd4 11. cxd4 Qxd2+ 12. Kxd2 O-O 13. Bb5 Rd8 14.
Bxc6 bxc6 15. Rc5 f5 16. e5 Be6 17. Ra5 Bd5 18. Rc1 f4 19. Kd3 fxe3 20. fxe3
Bxf3 21. gxf3 Rd5 22. Rac5 Rxc5 23. Rxc5 Rb8 24. Rxc6 Rb2 25. Ra6 Rxh2 26. Rxa7
Kf8 27. a4 h5 28. Ke4 h4 29. f4 h3 30. Rb7 Ra2 31. Rb1 h2 32. Rh1 Ke8 33. Kf3
Bh6 34. Kg4 e6 35. a5 Kd7 36. a6 Kc7 37. a7 Kb7 38. d5 exd5 39. e6 Bf8 40. Kg5
Kxa7 41. Kxg6 Bd6 42. f5 Rg2+ 43. Kf7 Rf2 44. f6 Be5 45. e7 Rxf6+ 46. Kg8 Re6
47. Kf7 Rf6+ 1/2-1/2

[Event "Czech open A"]
[Site "?"]
[Date "2013.07.24"]
[Round "6.76"]
[White "Postupa, Pavel"]
[Black "Kutynec, Vladimir"]
[Result "1-0"]
[ECO "B02"]
[WhiteElo "2229"]
[BlackElo "2300"]
[PlyCount "77"]
[EventDate "2013.??.??"]
[TimeControl "6000+1240"]
[WhiteClock "0:18:36"]
[BlackClock "0:01:29"]

1. e4 Nf6 2. Nc3 d5 3. e5 Nfd7 4. f4 e6 5. Nf3 c5 6. Be2 Nc6 7. O-O a6 8. Kh1
b5 9. d4 cxd4 10. Nxd4 Nxd4 11. Qxd4 Bc5 12. Qd1 Bb7 13. Bd3 Qb6 14. Qe2 f5 15.
exf6 Nxf6 16. a4 b4 17. a5 Qd6 18. Na4 Ba7 19. f5 O-O 20. Bf4 Qc6 21. Qxe6+
Qxe6 22. fxe6 Rac8 23. Bd6 Rfe8 24. e7 Rc6 25. Bxb4 Bc8 26. c3 Bd7 27. Nb6 Bxb6
28. axb6 Rxb6 29. Rxa6 Rxa6 30. Bxa6 Rb8 31. h3 Kf7 32. Ba3 Bb5 33. Bxb5 Rxb5
34. g4 h6 35. h4 d4 36. cxd4 Rd5 37. Bc5 Ke8 38. b4 Kd7 39. Ra1 1-0

[Event "Czech open A"]
[Site "?"]
[Date "2013.07.24"]
[Round "6.77"]
[White "Jedlicka, Ales"]
[Black "Nadjezhdin, Dmitry"]
[Result "1/2-1/2"]
[ECO "D19"]
[WhiteElo "2226"]
[BlackElo "2300"]
[PlyCount "79"]
[EventDate "2013.??.??"]
[TimeControl "6000+780"]
[WhiteClock "0:40:41"]
[BlackClock "0:12:33"]

1. d4 Nf6 2. c4 c6 3. Nc3 d5 4. Nf3 dxc4 5. a4 Bf5 6. e3 e6 7. Bxc4 Bb4 8. O-O
O-O 9. Qe2 Bg4 10. Rd1 Qa5 11. e4 Qh5 12. e5 Bxf3 13. gxf3 Bxc3 14. bxc3 Nd5
15. Bd2 f6 16. f4 Qf7 17. Bd3 fxe5 18. fxe5 Nf4 19. Bxf4 Qxf4 20. Qe3 Nd7 21.
Rab1 b6 22. Qxf4 Rxf4 23. Bf1 Raf8 24. Bh3 Kf7 25. Bg2 Rc8 26. a5 Ke7 27. axb6
axb6 28. Ra1 Rc7 29. c4 Kf7 30. Ra6 c5 31. d5 Nxe5 32. Rxb6 Nxc4 33. Rxe6 Rf6
34. Rc6 Rfxc6 35. dxc6 Ne5 36. Rd5 Ke6 37. Rxc5 Kd6 38. Rd5+ Ke6 39. Rc5 Kd6
40. Rd5+ 1/2-1/2

[Event "Czech open A"]
[Site "?"]
[Date "2013.07.24"]
[Round "6.78"]
[White "Ageichenko, Gennady"]
[Black "Travkina, Anastasia"]
[Result "1/2-1/2"]
[ECO "A14"]
[WhiteElo "2298"]
[BlackElo "2216"]
[PlyCount "165"]
[EventDate "2013.??.??"]
[TimeControl "6000+780"]
[WhiteClock "0:04:05"]
[BlackClock "0:08:12"]

1. c4 e6 2. Nf3 d5 3. g3 Nf6 4. Bg2 Be7 5. O-O O-O 6. d4 dxc4 7. Qc2 a6 8. Qxc4
b5 9. Qc2 Bb7 10. Bd2 Nc6 11. e3 Nb4 12. Bxb4 Bxb4 13. a3 Be4 14. Qe2 Be7 15.
Nc3 Bb7 16. Rfd1 Ra7 17. Ne5 Qa8 18. Bxb7 Qxb7 19. b4 c6 20. Qf3 a5 21. Qxc6
Rc8 22. Qxb7 Rxb7 23. Na2 axb4 24. Nxb4 Rbc7 25. Ned3 Ne4 26. Kf1 Ra8 27. f3
Nd6 28. Ke2 Rc3 29. Rdc1 Rxc1 30. Rxc1 Nc4 31. Rc3 Rxa3 32. Rxa3 Nxa3 33. Nc5
Nc4 34. Kd3 Kf8 35. Nc6 Ke8 36. f4 h5 37. h4 Nb2+ 38. Kc2 Nc4 39. e4 Ne3+ 40.
Kd3 Nc4 41. Na7 Nd6 42. Kc3 g6 43. Nc6 Bf8 44. Kb3 Nc4 45. Kc3 Nd6 46. Kd3 Bg7
47. Na7 Bf8 48. e5 Nf5 49. Ne4 b4 50. Nc6 Kd7 51. Na5 Be7 52. Kc4 Ne3+ 53. Kb5
Nf5 54. Nb3 Kc7 55. Kc4 Kc6 56. Nbc5 Ne3+ 57. Kxb4 Kd5 58. Kc3 Bxc5 59. Nxc5
Nf5 60. Kd3 Nxg3 61. Na6 Kc6 62. Nb4+ Kd7 63. d5 exd5 64. Nxd5 Nf5 65. Ke4 Nxh4
66. Nf6+ Ke6 67. Nh7 Nf5 68. Ng5+ Ke7 69. Nh7 Ng7 70. Ng5 Ne6 71. Nf3 Ng7 72.
Ng5 Nf5 73. Nh7 Nh6 74. Ng5 f6 75. exf6+ Kxf6 76. Nh7+ Kg7 77. Ng5 Nf7 78. Nf3
Kf6 79. Nd4 g5 80. fxg5+ Kxg5 81. Kf3 Ne5+ 82. Kg3 Ng6 83. Nf3+ 1/2-1/2

[Event "Czech open A"]
[Site "?"]
[Date "2013.07.24"]
[Round "6.79"]
[White "Gallien, Fabian"]
[Black "Jasny, Stanislav"]
[Result "0-1"]
[ECO "A45"]
[WhiteElo "2213"]
[BlackElo "2290"]
[PlyCount "72"]
[EventDate "2013.??.??"]
[TimeControl "6000+1425"]
[WhiteClock "0:06:12"]
[BlackClock "0:12:09"]

1. d4 Nf6 2. Bg5 Ne4 3. Bf4 e6 4. Nd2 d5 5. e3 Be7 6. Bd3 f5 7. f3 Nf6 8. Nh3
O-O 9. Qe2 c5 10. c3 Nc6 11. O-O Qb6 12. Rab1 a5 13. Kh1 Bd7 14. Rg1 Rae8 15.
Be5 cxd4 16. exd4 Nxe5 17. dxe5 Nh5 18. g4 fxg4 19. Rxg4 Rf7 20. Nb3 Ref8 21.
Nd4 Nf4 22. Nxf4 Rxf4 23. Qg2 Rxg4 24. Qxg4 Rf7 25. Qh3 g6 26. Qg3 Bc5 27. Rg1
Bxd4 28. cxd4 Qxd4 29. Bxg6 hxg6 30. Qxg6+ Kf8 31. Qg8+ Ke7 32. Qg5+ Ke8 33.
Qh5 Qf4 34. Rg3 d4 35. Qh8+ Rf8 36. Qh5+ Kd8 0-1

[Event "Czech open A"]
[Site "?"]
[Date "2013.07.24"]
[Round "6.80"]
[White "Rjabzev, Konstantin"]
[Black "Barthel, Ansgar"]
[Result "0-1"]
[ECO "B02"]
[WhiteElo "2290"]
[BlackElo "2230"]
[PlyCount "92"]
[EventDate "2013.??.??"]
[TimeControl "6000+905"]
[WhiteClock "0:26:44"]
[BlackClock "0:51:51"]

1. e4 Nf6 2. d3 d5 3. Nd2 e6 4. Ngf3 Be7 5. g3 O-O 6. Bg2 c5 7. O-O Nc6 8. h3
b5 9. exd5 exd5 10. Re1 h6 11. Nf1 Be6 12. Bf4 Qd7 13. g4 d4 14. Ne5 Nxe5 15.
Bxe5 Nd5 16. Qe2 Rae8 17. f4 Bh4 18. f5 Bxe1 19. Rxe1 f6 20. fxe6 Rxe6 21. Qf3
Nb4 22. Bg3 Rxe1 23. Bxe1 Nxc2 24. Bd2 Re8 25. Qd5+ Qxd5 26. Bxd5+ Kh8 27. Kf2
Nb4 28. Bxb4 cxb4 29. Ng3 Rc8 30. Bb3 a5 31. Ne2 a4 32. Bd1 Rd8 33. Kf3 Re8 34.
Nxd4 Re1 35. Bc2 Ra1 36. Nxb5 Rxa2 37. d4 a3 38. bxa3 bxa3 39. Nxa3 Rxa3+ 40.
Kf4 Rxh3 41. Bg6 Kg8 42. d5 Kf8 43. d6 Rh1 44. Kf5 Re1 45. d7 Ke7 46. Be8 Re5+
0-1

[Event "Czech open A"]
[Site "?"]
[Date "2013.07.24"]
[Round "6.81"]
[White "Muhsen, Abulla Mohmmed"]
[Black "Adamek, Jiri"]
[Result "0-1"]
[ECO "A48"]
[WhiteElo "2203"]
[BlackElo "2290"]
[PlyCount "76"]
[EventDate "2013.??.??"]
[TimeControl "6000+340"]
[WhiteClock "1:23:56"]
[BlackClock "0:58:39"]

1. d4 Nf6 2. Nf3 g6 3. c4 d6 4. Nc3 Bf5 5. Bg5 Bg7 6. Bxf6 Bxf6 7. e4 Bc8 8. h4
h5 9. Be2 c6 10. Qd2 e5 11. dxe5 dxe5 12. Qxd8+ Kxd8 13. O-O-O+ Kc7 14. Ng5
Bxg5+ 15. hxg5 Na6 16. Na4 b6 17. g4 Bxg4 18. Bxg4 hxg4 19. Rdg1 Rh3 20. Rxh3
gxh3 21. a3 Rh8 22. Kd2 Rh5 23. Ke3 Rxg5 24. Rh1 Rh5 25. b4 Kd7 26. f4 exf4+
27. Kxf4 Nc7 28. Rh2 Kd6 29. Nc3 Ne6+ 30. Ke3 Ke5 31. Nd1 f5 32. Nf2 Nf4 33.
exf5 gxf5 34. Kf3 Ne6 35. Rh1 Ng5+ 36. Ke3 f4+ 37. Ke2 h2 38. Ng4+ Kf5 0-1

[Event "Czech open A"]
[Site "?"]
[Date "2013.07.24"]
[Round "6.82"]
[White "Villegas, Pierre"]
[Black "Bartos, Jan"]
[Result "0-1"]
[ECO "D12"]
[WhiteElo "2288"]
[BlackElo "2209"]
[PlyCount "102"]
[EventDate "2013.??.??"]
[TimeControl "6000+960"]
[WhiteClock "0:28:16"]
[BlackClock "0:17:07"]

1. d4 d5 2. c4 c6 3. Nf3 Nf6 4. e3 Bf5 5. Nc3 a6 6. Qb3 b5 7. c5 a5 8. Ne5 a4
9. Qd1 g6 10. g4 Be6 11. Bg2 Bg7 12. f3 Qc8 13. h3 h5 14. Ne2 hxg4 15. hxg4
Rxh1+ 16. Bxh1 Nfd7 17. Nd3 g5 18. Ng3 Na6 19. Kf2 Nf6 20. Bd2 Qc7 21. Qe2
O-O-O 22. b3 a3 23. Bg2 Rh8 24. Rh1 Rh4 25. Rxh4 gxh4 26. Nf1 Nh7 27. Kg1 f5
28. Nf4 Bd7 29. Nh5 Bh8 30. Qd3 e5 31. Be1 e4 32. Qe2 Qd8 33. Kh2 Ng5 34. gxf5
exf3 35. Bxf3 Bxf5 36. Bg4 Qd7 37. Bxf5 Qxf5 38. Nf4 Bxd4 39. Bxh4 Be5 40. Ng3
Bxf4 41. exf4 Qh3+ 42. Kg1 Qxh4 43. Qe8+ Kb7 44. Qd7+ Nc7 45. Nf5 Qe1+ 46. Kg2
Qe2+ 47. Kg3 Ne4+ 48. Kh3 Qf1+ 49. Kh2 Qxf4+ 50. Kg2 Qf2+ 51. Kh3 Qxc5 0-1

[Event "Czech open A"]
[Site "?"]
[Date "2013.07.24"]
[Round "6.83"]
[White "Meissner, Felix"]
[Black "Bivol, Alina"]
[Result "1/2-1/2"]
[ECO "C03"]
[WhiteElo "2285"]
[BlackElo "2207"]
[PlyCount "35"]
[EventDate "2013.??.??"]
[TimeControl "6000+745"]
[WhiteClock "0:41:11"]
[BlackClock "1:11:23"]

1. e4 e6 2. d4 d5 3. Nd2 Be7 4. Bd3 c5 5. dxc5 Nf6 6. Qe2 a5 7. Ngf3 O-O 8. O-O
Na6 9. e5 Nd7 10. Nd4 Ndxc5 11. N2f3 Nxd3 12. cxd3 Nc5 13. Be3 Qd7 14. Rfc1 b6
15. b3 Ba6 16. Ne1 f6 17. f4 Rac8 18. a3 1/2-1/2

[Event "Czech open A"]
[Site "?"]
[Date "2013.07.24"]
[Round "6.84"]
[White "Sanders, Isaac"]
[Black "Cherepanov, Vladislav"]
[Result "1-0"]
[ECO "A40"]
[WhiteElo "2210"]
[BlackElo "2284"]
[PlyCount "77"]
[EventDate "2013.??.??"]
[TimeControl "6000+1570"]
[WhiteClock "0:03:55"]
[BlackClock "0:06:06"]

1. d4 Nf6 2. c4 e6 3. g3 Bb4+ 4. Bd2 Be7 5. Bg2 d5 6. Nf3 O-O 7. O-O b6 8. cxd5
exd5 9. Nc3 Bb7 10. Rc1 Nbd7 11. Bf4 c5 12. Ne5 a6 13. Nxd7 Qxd7 14. Na4 Qb5
15. Bc7 Bc6 16. b3 Qb4 17. a3 Qxa3 18. Nxb6 Ra7 19. Be5 Ne4 20. Bxe4 dxe4 21.
d5 Ba8 22. Rc4 Qa5 23. Nxa8 Rfxa8 24. d6 Rd7 25. Qd5 Rad8 26. Rxc5 Qb4 27. Rd1
Bf8 28. Rc6 e3 29. fxe3 Kh8 30. Bf4 a5 31. Kf2 f6 32. Rc7 Rxd6 33. Bxd6 Rxd6
34. Qh1 Re6 35. Rc8 f5 36. Qa8 Rf6 37. Rdd8 Kg8 38. Qd5+ Kh8 39. Qd6 1-0

[Event "Czech open A"]
[Site "?"]
[Date "2013.07.24"]
[Round "6.85"]
[White "Heimrath, Reiner"]
[Black "Drnovsek, Gal"]
[Result "1-0"]
[ECO "B52"]
[WhiteElo "2280"]
[BlackElo "2203"]
[PlyCount "135"]
[EventDate "2013.??.??"]
[TimeControl "6000+750"]
[WhiteClock "0:08:49"]
[BlackClock "0:23:32"]

1. e4 c5 2. Nf3 d6 3. Bb5+ Bd7 4. a4 Nc6 5. c3 Nf6 6. Qc2 e6 7. O-O a6 8. Be2
Rc8 9. Rd1 Be7 10. Na3 O-O 11. h3 Qc7 12. d3 d5 13. Bg5 Rfd8 14. Bf1 Be8 15.
Re1 h6 16. Bh4 Ne5 17. Nxe5 Qxe5 18. exd5 Qxd5 19. Nc4 Qc6 20. a5 Nd5 21. Bg3
f6 22. Be2 Bf7 23. Bf3 e5 24. Nb6 Rb8 25. Qe2 Qc7 26. Bxd5 Bxd5 27. d4 Bf7 28.
dxe5 fxe5 29. Bxe5 Bd6 30. Bxd6 Qxd6 31. Qe7 Qf4 32. Qxc5 Rd2 33. b4 Rbd8 34.
Qe3 Qf6 35. Qf3 Qxf3 36. gxf3 R8d3 37. Re3 Rxe3 38. fxe3 Rd3 39. Kf2 Rxc3 40.
Rd1 Be6 41. h4 Kf7 42. Rd4 Kf6 43. Na4 Rc6 44. Kg3 Kf7 45. Nc5 b6 46. Rf4+ Kg8
47. Nxe6 Rxe6 48. axb6 Rxb6 49. Rc4 Kf7 50. Kg4 Kf6 51. f4 g6 52. e4 h5+ 53.
Kf3 Ke6 54. Ke3 Kf6 55. Kd3 Ke6 56. Kc3 Kf6 57. Rc5 Re6 58. Kd4 Rd6+ 59. Rd5
Rb6 60. Kc4 Rc6+ 61. Kb3 Re6 62. Rd4 Rc6 63. Rc4 Rb6 64. Ka4 Re6 65. Ka5 Ke7
66. e5 Kd7 67. Rd4+ Kc7 68. Rd6 1-0

[Event "Czech open A"]
[Site "?"]
[Date "2013.07.24"]
[Round "6.86"]
[White "Dauletova, Gulmira"]
[Black "Mueer, Sebastian"]
[Result "0-1"]
[ECO "C11"]
[WhiteElo "2276"]
[BlackElo "2202"]
[PlyCount "174"]
[EventDate "2013.??.??"]
[TimeControl "6000+1280"]
[WhiteClock "0:03:03"]
[BlackClock "0:01:54"]

1. e4 e6 2. d4 d5 3. Nc3 Nf6 4. e5 Nfd7 5. f4 c5 6. Nf3 Nc6 7. Be3 Be7 8. Qd2
O-O 9. dxc5 Bxc5 10. Nd4 a6 11. O-O-O Nxd4 12. Bxd4 b5 13. Qe3 Qc7 14. Bd3 Bxd4
15. Qxd4 Bb7 16. Rhe1 Qc5 17. Ne2 Rfe8 18. Qxc5 Nxc5 19. Nd4 b4 20. g4 a5 21.
Kd2 Ba6 22. Ke3 a4 23. a3 b3 24. Bxa6 Rxa6 25. cxb3 axb3 26. Rc1 Na4 27. Re2
Nb6 28. Rc3 Nc4+ 29. Kd3 f6 30. exf6 gxf6 31. Rxb3 Kh8 32. Rb7 Nd6 33. Rc7 Ne4
34. Kc2 Ra4 35. Nf3 Nd6 36. Rc6 Nb5 37. Rexe6 Rxe6 38. Rxe6 Rxf4 39. Re8+ Kg7
40. Nh4 Nd4+ 41. Kd3 Rxg4 42. Ng2 Rxg2 43. Kxd4 Rxb2 44. Kxd5 Rxh2 45. Re3 Kf7
46. Ke4 Rh4+ 47. Kf5 Rh5+ 48. Kg4 Kg6 49. Kf4 Rh4+ 50. Kg3 Ra4 51. Kh3 f5 52.
Rg3+ Kh5 53. Kg2 h6 54. Kh3 Ra5 55. Rb3 Kg5 56. Kg3 h5 57. Kh3 Ra4 58. Rg3+ Kf6
59. Rb3 h4 60. Re3 Kg5 61. Rb3 Re4 62. Rc3 Re5 63. Rb3 f4 64. Kg2 Kg4 65. Rb8
Re2+ 66. Kg1 Ra2 67. Rg8+ Kf3 68. Rh8 Rxa3 69. Kh2 Ke2 70. Rb8 Re3 71. Rb2+ Kf1
72. Rb1+ Kf2 73. Rb4 f3 74. Rxh4 Re8 75. Rh3 Rg8 76. Rh7 Kf1 77. Ra7 Re8 78.
Ra1+ Re1 79. Ra3 f2 80. Ra2 Rb1 81. Kg3 Rb3+ 82. Kh2 Ke1 83. Ra1+ Ke2 84. Ra2+
Kf3 85. Ra1 Re3 86. Rb1 Re1 87. Rb3+ Ke4 0-1

[Event "Czech open A"]
[Site "?"]
[Date "2013.07.24"]
[Round "6.87"]
[White "Braeuer, Franz"]
[Black "Semenova, Elena"]
[Result "1-0"]
[ECO "C45"]
[WhiteElo "2275"]
[BlackElo "2152"]
[PlyCount "97"]
[EventDate "2013.??.??"]
[TimeControl "6000+1020"]
[WhiteClock "0:30:40"]
[BlackClock "0:01:17"]

1. e4 e5 2. Nf3 Nc6 3. d4 exd4 4. Nxd4 Nf6 5. Nxc6 bxc6 6. e5 Qe7 7. Qe2 Nd5 8.
c4 Nb6 9. Nd2 g6 10. Ne4 Bg7 11. Nf6+ Bxf6 12. exf6 Qxe2+ 13. Bxe2 O-O 14. Be3
Re8 15. O-O-O Ba6 16. b3 d5 17. Bf3 Bb7 18. c5 Nd7 19. Bd4 Nf8 20. h4 Ba6 21.
Rd2 h6 22. Bg4 Rad8 23. g3 Ne6 24. h5 Nxd4 25. Rxd4 g5 26. Kd2 Bc8 27. Bxc8
Rxc8 28. Re1 Re6 29. Rxe6 fxe6 30. Ra4 Kf7 31. Rxa7 Kxf6 32. Ra6 Ke7 33. Rxc6
Kd7 34. Ra6 Rb8 35. Kd3 Rf8 36. Ke3 Rf5 37. Ra8 Re5+ 38. Kd4 Rf5 39. Rh8 Rxf2
40. Rxh6 Rf3 41. b4 Rxg3 42. b5 Rg4+ 43. Ke5 Re4+ 44. Kf6 d4 45. Rh7+ Kc8 46.
c6 Kb8 47. Rd7 Rf4+ 48. Kxg5 e5 49. h6 1-0

[Event "Czech open A"]
[Site "?"]
[Date "2013.07.24"]
[Round "6.88"]
[White "Kelkar, Abhishek"]
[Black "Vrublevskaya, Olga"]
[Result "1-0"]
[ECO "B42"]
[WhiteElo "2274"]
[BlackElo "2156"]
[PlyCount "65"]
[EventDate "2013.??.??"]
[TimeControl "6000+1350"]
[WhiteClock "0:25:04"]
[BlackClock "0:04:55"]

1. e4 c5 2. Nf3 e6 3. d4 cxd4 4. Nxd4 a6 5. Bd3 Bc5 6. Nb3 Be7 7. O-O d6 8. c4
Nf6 9. Nc3 Nbd7 10. f4 Qc7 11. Be3 b6 12. Qf3 Bb7 13. Rad1 O-O 14. g4 Nc5 15.
Nxc5 dxc5 16. Qh3 g6 17. e5 Nd7 18. Be4 Rfd8 19. Qf3 Bxe4 20. Nxe4 b5 21. Nd6
Rab8 22. Qh3 f6 23. Nf7 Re8 24. f5 Nxe5 25. Nxe5 Qxe5 26. Bf4 Qe2 27. Bxb8 Rxb8
28. Rfe1 Qc2 29. Rd7 Re8 30. Rxe6 gxf5 31. Rexe7 Rxe7 32. Rxe7 Qd1+ 33. Qf1 1-0

[Event "Czech open A"]
[Site "?"]
[Date "2013.07.24"]
[Round "6.89"]
[White "Nguyen, Thai Dai Van"]
[Black "Lorscheid, Gerhard"]
[Result "1-0"]
[ECO "C41"]
[WhiteElo "2176"]
[BlackElo "2273"]
[PlyCount "27"]
[EventDate "2013.??.??"]
[TimeControl "6000+1175"]
[WhiteClock "0:39:27"]
[BlackClock "1:22:49"]

1. e4 d6 2. d4 Nf6 3. Nc3 e5 4. Nf3 Nbd7 5. g4 g6 6. g5 Nh5 7. Be3 Bg7 8. Qd2
O-O 9. O-O-O c6 10. dxe5 dxe5 11. Bh3 Qe7 12. Bg4 Nb6 13. Bxc8 Nc4 14. Qd7 1-0

[Event "Czech open A"]
[Site "?"]
[Date "2013.07.24"]
[Round "6.90"]
[White "Le Ruyet, Leopold"]
[Black "Yefimov, Mstislav"]
[Result "1/2-1/2"]
[ECO "C41"]
[WhiteElo "2273"]
[BlackElo "2137"]
[PlyCount "78"]
[EventDate "2013.??.??"]
[TimeControl "6000+765"]
[WhiteClock "0:25:22"]
[BlackClock "0:14:03"]

1. e4 e5 2. Nf3 d6 3. d4 exd4 4. Qxd4 Nc6 5. Bb5 Nge7 6. Be3 a6 7. Bxc6+ Nxc6
8. Qd2 Be7 9. Nc3 O-O 10. O-O-O Be6 11. h4 Ne5 12. Nxe5 dxe5 13. Qe2 Qc8 14.
Nd5 Bxd5 15. Rxd5 Qe6 16. Kb1 Rad8 17. Rhd1 c6 18. Rxd8 Rxd8 19. Rxd8+ Bxd8 20.
g3 Qd7 21. c4 g6 22. Kc2 h5 23. c5 Be7 24. Qc4 Bd8 25. Bd2 Bf6 26. Bc3 Bg7 27.
a4 Kf8 28. b4 Ke7 29. f4 Qe6 30. Qd3 f5 31. Kb2 Bf6 32. exf5 gxf5 33. fxe5 Bxe5
34. Qe3 Bxc3+ 35. Qxc3 Qf6 36. Kc2 f4 37. gxf4 Qxf4 38. Qg7+ Ke6 39. Qg6+ Ke7
1/2-1/2

[Event "Czech open A"]
[Site "?"]
[Date "2013.07.24"]
[Round "6.91"]
[White "Kratochvil, Karel"]
[Black "Poloch, Petr"]
[Result "1/2-1/2"]
[ECO "E11"]
[WhiteElo "2195"]
[BlackElo "2272"]
[PlyCount "41"]
[EventDate "2013.??.??"]
[TimeControl "6000+435"]
[WhiteClock "1:01:01"]
[BlackClock "0:59:51"]

1. d4 Nf6 2. c4 e6 3. Nf3 Bb4+ 4. Nbd2 d5 5. Qa4+ Nc6 6. e3 O-O 7. a3 Be7 8.
Bd3 a5 9. Qc2 a4 10. cxd5 exd5 11. Ne5 Bd7 12. Nxd7 Qxd7 13. Bf5 Qe8 14. O-O
Bd6 15. Nb1 Na5 16. Nc3 Nb3 17. Rb1 b5 18. Bd3 c6 19. Na2 Rc8 20. Bd2 Nxd2 21.
Qxd2 1/2-1/2